 Dungeon Crawl Stone Soup version 0.30.1-4-g462c640d31 (webtiles) character file.

Game seed: 18135600723099768280

6 lonewolfV2 the Chopper (level 1, -2/20 HPs)
             Began as a Minotaur Berserker on Aug 31, 2023.
             Was a Follower of Trog.
             Slain by a hobgoblin (4 damage)
             ... on level 1 of the Dungeon.
             The game lasted 00:00:08 (32 turns).

lonewolfV2 the Chopper (Minotaur Berserker)           Turns: 32, Time: 00:00:08

Health: -2/20      AC:  2    Str: 21    XL:     1   Next: 75%
Magic:  0/0        EV: 12    Int:  4    God:    Trog [*.....]
Gold:   10         SH:  0    Dex:  9    Spells: 0/0 levels left

rFire   . . .        a - +0 hand axe
rCold   . . .        (no shield)
rNeg    . . .        b - +0 animal skin
rPois   .            (helmet restricted)
rElec   .            (no cloak)
rCorr   .            (no gloves)
SInv    .            (no boots)
Will    .....        (no amulet)
Stlth   +            (no ring)
HPRegen 0.23/turn    (no ring)
MPRegen 0.07/turn

%: no passive effects
@: no status effects
A: horns 2, retaliatory headbutt
a: Renounce Religion, Berserk


You were on level 1 of the Dungeon.
You worshipped Trog.
Trog was aware of your devotion.
You visited 1 branch of the dungeon, and saw 1 of its levels.

You collected 10 gold pieces.

Inventory:

Hand Weapons
 a - a +0 hand axe (weapon)
Armour
 b - a +0 animal skin (worn)


   Skills:
 + Level 3.8 Fighting
 + Level 3.9 Axes
 + Level 2.5 Armour
 + Level 2.2 Dodging


You couldn't memorise any spells.
You didn't know any spells.
Your spell library was empty.

Dungeon Overview and Level Annotations

Branches:
Dungeon (1/15)

Altars:


Innate Abilities, Weirdness & Mutations

You have a pair of horns on your head.
You reflexively headbutt those who attack you in melee.


Message History

An endoplasm comes into view.
The endoplasm quivers.
You slash the bat!
You kill the bat!
Trog accepts your kill.
You hit the giant cockroach but do no damage.
You hit the quokka. The giant cockroach bites you.
The quokka bites you but does no damage.
The giant cockroach bites you. The quokka closely misses you.
You furiously retaliate!
You headbutt the quokka.
You kill the quokka!
Trog accepts your kill.
You barely miss the giant cockroach. You headbutt the giant cockroach.
The giant cockroach is heavily wounded.
You hit the hobgoblin. The hobgoblin hits you.
The giant cockroach barely misses you.
You hit the giant cockroach but do no damage.
Your headbutt misses the giant cockroach.
The giant cockroach is heavily wounded.
You closely miss the hobgoblin. The giant cockroach barely misses you.
The endoplasm jiggles.
The hobgoblin hits you.
You barely miss the giant cockroach.
You headbutt the giant cockroach, but do no damage.
The giant cockroach is heavily wounded.
You hit the hobgoblin.
The giant cockroach bites you but does no damage.
The hobgoblin hits you. The giant cockroach bites you.
Unknown command.
You barely miss the giant cockroach. You headbutt the giant cockroach.
You kill the giant cockroach!
Trog accepts your kill.
You hit the hobgoblin but do no damage. The hobgoblin hits you.
* * * LOW HITPOINT WARNING * * *
The hobgoblin misses you. The endoplasm barely misses you.
The endoplasm freezes you.
You are frozen.
* * * LOW HITPOINT WARNING * * *
The hobgoblin hits you.
You die...

......... .....
..........
#...####.........
######.#...##.........
#..........#..........
#......$...#..........
#..........#..........
#......J.....†........
#.....@...............
#?....g.....#........#
#............#......##
#.............#######
#..!............#
#...#......##.#..##
####.#####.##.###....
... ###.## ###.. #<#.#
.


You could see an endoplasm and a hobgoblin.

Vanquished Creatures
  A ball python (D:1)
  A giant cockroach (D:1)
  A quokka (D:1)
  2 bats (D:1)
5 creatures vanquished.

Notes
Turn   | Place    | Note
-------+----------+-------------------------------------------
     0 | D:1      | lonewolfV2 the Minotaur Berserker began the quest for the
                  | Orb.
     0 | D:1      | Reached XP level 1. HP: 19/19 MP: 0/0
    32 | D:1      | Slain by a hobgoblin

Illustrated notes

Levels and vault maps discovered:
D:1:      spicycebolla_green_bress_n_ham_2, layout_rooms, serial_corexii_hall,
          corexii_hall_statues_deadend, corexii_hall_statues_i

Action                     || total
---------------------------++-------
  Melee: Hand axe          ||     9
         Headbutt          ||     3
 Armour: Animal skin       ||     4
  Dodge: Dodged            ||     9
